 Dungeon Crawl Stone Soup version 0.29.1-13-g9f3cf754e1 (webtiles) character file.

Game seed: 717001366868901360

417 javelincjr the Chopper (level 6, -1/46 HPs)
             Began as a Demonspawn Gladiator on Feb 8, 2023.
             Was a Believer of Nemelex Xobeh.
             Succumbed to a kobold brigand's poison
             ... on level 4 of the Dungeon.
             The game lasted 00:12:43 (4295 turns).

javelincjr the Chopper (Demonspawn Gladiator)       Turns: 4295, Time: 00:12:43

Health: -1/46      AC: 15    Str: 22    XL:     6   Next: 61%
Magic:  1/6        EV: 10    Int:  9    God:    Nemelex Xobeh [**....]
Gold:   190        SH:  0    Dex: 25    Spells: 5/5 levels left

rFire   . . .      SeeInvis .   a - +0 war axe
rCold   . . .      Faith    .   (no shield)
rNeg    . . .      Spirit   +   x - +1 chain mail of Servitude {rCorr Dex+4}
rPois   .          Reflect  .   c - +0 helmet
rElec   .          Harm     .   g - +1 cloak
rCorr   +          Rampage  .   (no gloves)
Will    .....                   y - +0 pair of boots
Stlth   ..........              r - amulet of guardian spirit
HPRegen 0.15/turn               j - +6 ring of dexterity
MPRegen 0.10/turn               b - +6 ring of strength

@: lethally poisoned (-1 -> -4)
A: ignite blood 1, sharp scales 1, weakness stinger 1
a: Renounce Religion, Draw Escape, Draw Destruction, Draw Summoning


You were on level 4 of the Dungeon.
You worshipped Nemelex Xobeh.
Nemelex Xobeh was pleased with you.
You visited 1 branch of the dungeon, and saw 4 of its levels.

You collected 190 gold pieces.

Inventory:

Hand Weapons
 a - a +0 war axe (weapon)
 m - the +3 short sword of Ravage {venom, Will+ rCorr Str-5 Dex+3}
   (You found it on level 2 of the Dungeon)

   It poisons the flesh of those it strikes.
   Str:       It affects your strength (-5).
   Dex:       It affects your dexterity (+3).
   rCorr:     It protects you from acid and corrosion.
   Will:      It increases your willpower.
 q - a +3 spear
 u - a +2 hand axe of electrocution
 w - the +3 sling of Pimow {venom, Str+3}
   (You took it off an orc on level 3 of the Dungeon)

   Any ammunition fired from it poisons the flesh of those it strikes.
   Str:       It affects your strength (+3).
Missiles
 d - 4 throwing nets (quivered)
 e - 6 javelins
Armour
 c - a +0 helmet (worn)
 g - a +1 cloak (worn)
 x - the +1 chain mail of Servitude (worn) {rCorr Dex+4}
   (You took it off an orc on level 3 of the Dungeon)

   Dex:       It affects your dexterity (+4).
   rCorr:     It protects you from acid and corrosion.
 y - a +0 pair of boots (worn)
Jewellery
 b - a +6 ring of strength (right hand)
 j - a +6 ring of dexterity (left hand)
 r - an amulet of guardian spirit (around neck)
Scrolls
 f - a scroll of fear {unknown}
 i - a scroll of butterflies {unknown}
 k - 6 scrolls of identify {unknown}
 l - a scroll of enchant weapon {unknown}
 n - a scroll of enchant armour {unknown}
 p - 2 scrolls of teleportation {unknown}
 s - a scroll of amnesia {unknown}
 t - a scroll of magic mapping {unknown}
Potions
 h - a potion of cancellation


   Skills:
 + Level 2.9 Fighting
 + Level 2.0 Short Blades
 + Level 3.9 Axes
 + Level 0.9 Ranged Weapons
 + Level 1.9 Throwing
 + Level 2.3 Armour
 + Level 3.8 Dodging
 + Level 2.2 Stealth


You had 5 spell levels left.
You didn't know any spells.
Your spell library contained the following spells:

 Spells                   Type           Power      Damage    Failure   Level
 Sandblast                Erth           0%         2d4       98%         1
 Passwall                 Tmut/Erth      0%         N/A       99%         2
 Stone Arrow              Conj/Erth      0%         3d7       100%        3
 Tukima's Dance           Hex            0%         N/A       100%        3
 Animate Armour           Summ/Erth      0%         N/A       100%        4
 Passage of Golubria      Tloc           0%         N/A       100%        4
 Yara's Violent Unravell  Hex/Tmut       0%         3d3       100%        5
 Lehudib's Crystal Spear  Conj/Erth      0%         10d2      100%        8


Dungeon Overview and Level Annotations

Branches:
Dungeon (4/15)
 Temple: D:4-7

Altars:
Nemelex Xobeh
Trog
Vehumet


Innate Abilities, Weirdness & Mutations

Your demonic aura sometimes causes spilled blood to erupt in flames.
You are partially covered in razor-sharp scales. (AC +1, Slay +1)
You have a small tail.


Message History

You feel very sick.
It was a potion of flight.
You feel very buoyant.
You fly up into the air.
* * * LOW HITPOINT WARNING * * *
You feel sick.
The kobold brigand hits you but does no damage.
It was a potion of might.
You feel very mighty all of a sudden.
* * * LOW HITPOINT WARNING * * *
You feel sick. The kobold brigand closely misses you.
The kobold hits you but does no damage.
Okay, then.
Okay, then.
Your magical effects are unravelling.
You feel magically purged.
You float gracefully downwards.
You feel a little less mighty now.
* * * LOW HITPOINT WARNING * * *
You feel sick.
The kobold brigand hits you but does no damage.
The kobold brigand barely misses you. The kobold hits you but does no damage.
You are too injured to fight recklessly!
You are too injured to fight recklessly!
You closely miss the kobold brigand.
The kobold brigand is moderately wounded.
You slash the kobold!
You kill the kobold!
You barely miss the kobold brigand. You hit the kobold.
You kill the kobold!
* * * LOW HITPOINT WARNING * * *
You feel sick. The kobold brigand closely misses you.
The kobold brigand misses you.
The kobold brigand hits you with a +0 dagger of flaming.
The kobold brigand burns you. The kobold brigand barely misses you.
You slash the kobold brigand!
Your tail-slap misses the kobold brigand.
The kobold brigand is almost dead.
You hit the kobold brigand.
You die...
Your body disappears without a glow.

###### ## #....# ... #....# ....
##....#########.....
#......#..K(.)......
+......'..@K.)......
#......#...(........
##....#########..... #.(..# ....
#..).# ...
#########')######################
≈≈≈≈≈≈≈.....~~≈≈≈≈≈≈≈≈≈≈≈≈≈≈≈≈≈≈≈
≈≈≈≈≈≈~~.....~≈≈≈≈≈≈≈~≈≈≈≈≈≈≈≈≈≈~
~~~~~≈~.....~~~~~~~~~~~≈~~≈~~≈~~~


You could see 2 kobold brigands.

Vanquished Creatures
  The ghost of javelincjr the Magician, an amateur DjHW (D:3)
  A hound (D:3)
  3 orc priests
  An orc wizard (D:3)
  2 gnolls (D:4)
  4 adders
  2 worms
  3 dart slugs
  14 orcs
  5 endoplasms
  5 goblins
  8 hobgoblins
  2 jackals (D:2)
  2 quokkas
  7 ball pythons
  5 bats
  3 frilled lizards
  12 kobolds
  6 rats
86 creatures vanquished.

Vanquished Creatures (others)
  2 plants (D:3)
2 creatures vanquished.

Grand Total: 88 creatures vanquished

Notes
Turn   | Place    | Note
-------+----------+-------------------------------------------
     0 | D:1      | javelincjr the Demonspawn Gladiator began the quest for the
                  | Orb.
     0 | D:1      | Reached XP level 1. HP: 16/16 MP: 1/1
   298 | D:1      | Gained mutation: Your demonic aura sometimes causes spilled
                  | blood to erupt in flames. [demonic ancestry]
   298 | D:1      | Reached XP level 2. HP: 22/22 MP: 2/2
  1283 | D:2      | Identified the +3 short sword of Ravage {venom, Will+ rCorr
                  | Str-5 Dex+3}
  1315 | D:2      | Gained mutation: You have a small tail. [demonic ancestry]
  1315 | D:2      | Reached XP level 3. HP: 28/28 MP: 3/3
  1425 | D:2      | You fall into a shaft and drop 1 floor!
  1425 | D:3      | Found a runed translucent gate.
  1426 | D:3      | Found a runed translucent gate.
  1427 | D:3      | Noticed javelincjr's ghost (amateur DjHW)
  1428 | D:3      | Identified the +3 sling of Pimow {venom, Str+3}
  1428 | D:3      | Identified the +1 chain mail of Servitude {rCorr Dex+4}
  1429 | D:3      | Found a runed translucent gate.
  2298 | D:3      | Found a bloodstained altar of Trog.
  2429 | D:3      | Found a faded altar of an unknown god.
  2443 | D:3      | Reached XP level 4. HP: 15/34 MP: 4/4
  2623 | D:3      | Reached skill level 1 in Armour
  2635 | D:3      | Reached skill level 1 in Stealth
  2705 | D:3      | Reached XP level 5. HP: 30/39 MP: 5/5
  2740 | D:3      | Prayed at the altar of an unknown god.
  2740 | D:3      | Became a worshipper of Nemelex Xobeh the Trickster
  2740 | D:3      | Reached * piety under Nemelex Xobeh
  2740 | D:3      | Received a gift from Nemelex Xobeh
  2757 | D:3      | Reached skill level 1 in Short Blades
  3257 | D:3      | Identified the -2 hand axe of Kismet {drain, rPois Will+
                  | SInv}
  3496 | D:3      | Killed javelincjr's ghost
  3497 | D:3      | Gained mutation: You are partially covered in razor-sharp
                  | scales. (AC +1, Slay +1) [demonic ancestry]
  3497 | D:3      | Reached XP level 6. HP: 26/46 MP: 6/6
  3971 | D:4      | Found a radiant altar of Vehumet.
  4061 | D:4      | Reached ** piety under Nemelex Xobeh
  4292 | D:4      | HP: 2/46 [poisoned by a kobold brigand]
  4295 | D:4      | Succumbed to a kobold brigand's poison

Illustrated notes

Levels and vault maps discovered:
D:1:      dpeg_arrival_solitude, layout_basic, corexii_item_surrounded_by_moat,
          chequers_mini_garden
D:2:      layout_basic
D:3:      layout_rooms, mainiacjoe_overflow_boulevard,
          biasface_ghost_orc_armoury, basic_ecumenical_altar, serial_curves,
          eino_curves_04, eino_curves_04, serial_bayou_pond_e, st_stairs_11
D:4:      minmay_goblin_kobold_castle, layout_cave_pods,
          mainiacjoe_overflow_concentric_impassable

Skill      XL: |  1  2  3  4  5  6 |
---------------+-------------------+-----
Axes           | 3 |  3.9
Dodging        | 3 |  3.8
Armour         | 1 2 |  2.3
Stealth        | 1 2 |  2.2
Short Blades   | 1 2 |  2.0
Fighting       | |  2.9
Ranged Weapons | |  0.9
Throwing       | |  1.9

Action                   |  1- 3 |  4- 6 || total
-------------------------+-------+-------++-------
Melee: War axe           |    67 |     6 ||    73
       Punch             |     2 |     2 ||     4
       Short sword       |    34 |    57 ||    91
       Tailslap          |     4 |     6 ||    10
 Fire: Sling             |       |    32 ||    32
Throw: Throwing net      |     1 |       ||     1
Invok: Draw Destruction  |       |     2 ||     2
       Draw Summoning    |       |     1 ||     1
       Draw Escape       |       |     1 ||     1
  Use: Potion            |       |     4 ||     4
 Stab: Sleeping          |     3 |     3 ||     6
Armor: Leather armour    |    29 |    20 ||    49
       Chain mail        |       |    28 ||    28
Dodge: Dodged            |    83 |    88 ||   171
